 Dungeon Crawl Stone Soup version 0.31.0-7-gf635a9b802 (webtiles) character file.

Game seed: 1097954131480364676

1512317 Gartch the Conqueror (level 26, 266/266 HPs)
             Began as a Minotaur Berserker on Jan 19, 2024.
             Was a High Priest of Trog.
             Escaped with the Orb
             ... and 3 runes on Jan 23, 2024!
             The game lasted 10:34:56 (85233 turns).

Gartch the Conqueror (Minotaur Berserker)          Turns: 85233, Time: 10:34:56

Health: 266/266    AC: 40    Str: 29    XL:     26   Next: 25%
Magic:  7/7        EV: 30    Int:  4    God:    Trog [*****.]
Gold:   3653       SH:  0    Dex: 18    Spells: 25/25 levels left

rFire   . . .        I - +9 battleaxe (antimagic)
rCold   . . .        (shield currently unavailable)
rNeg    . . .        F - +8 storm dragon scales
rPois   +            (helmet unavailable)
rElec   +            S - +2 cloak {Will+}
rCorr   .            O - +2 pair of gloves {Dex+3}
SInv    .            o - +0 pair of boots
Will    ++...        j - amulet of regeneration Stlth
                     B - ring of poison resistance
HPRegen 1.44/turn    l - +5 ring of evasion
MPRegen 0.10/turn

%: no passive effects
@: studying 2 skills
A: horns 3, retaliatory headbutt, persistent drain
0: Orb of Zot
}: 3/15 runes: barnacled, silver, gossamer
a: Renounce Religion, Berserk, Trog's Hand, Brothers in Arms


You escaped.
You worshipped Trog.
Trog was extremely pleased with you.
You visited 9 branches of the dungeon, and saw 47 of its levels.
You also visited: Ossuary and Wizlab.

You collected 6466 gold pieces.
You spent 2813 gold pieces at shops.

Inventory:

Hand Weapons
 a - the +10 battleaxe of Annoyance {flame, *Noise rF++ Dex+8}
   (Trog gifted it to you on level 2 of the Depths)

   Dex+8:     It affects your dexterity (+8).
   rF++:      It greatly protects you from fire.
   *Noise:    It may make a loud noise when swung.
 b - a +8 hand cannon of draining
 g - the +12 glaive of Prune {freeze, Prune}
   (You found it on level 5 of the Vaults)

   Prune:     It halves damage taken while paralysed, petrified or unconscious.
 C - the +2 battleaxe of Disorder {antimagic, SInv}
   (Trog gifted it to you on level 5 of the Lair of Beasts)

   SInv:      It lets you see invisible.
 E - a +3 battleaxe of freezing
 I - a +9 antimagic battleaxe (weapon)
Missiles
 W - a throwing net (quivered)
Armour
 o - a +0 pair of boots (worn)
 F - +8 storm dragon scales (worn)
 O - a +2 pair of gloves of dexterity (worn)
 S - a +2 cloak of willpower (worn)
Jewellery
 h - a ring of protection from fire
 i - a ring of see invisible
 j - an amulet of regeneration (around neck)
 l - a +5 ring of evasion (right hand)
 n - a ring of positive energy
 v - a ring of protection from cold
 B - a ring of poison resistance (left hand)
 L - a ring of positive energy
 M - a ring of protection from cold
 P - a ring of flight
 X - a ring of resist corrosion
Wands
 d - a wand of light (37)
 f - a wand of polymorph (18)
 r - a wand of flame (129)
 s - a wand of mindburst (38)
 D - a wand of iceblast (35)
 G - a wand of paralysis (23)
 V - a wand of digging (13)
Scrolls
 k - 6 scrolls of poison
 w - 3 scrolls of revelation
 y - 6 scrolls of teleportation
 Q - 2 scrolls of fog
 R - 11 scrolls of fear
 T - 4 scrolls of butterflies
Potions
 c - 8 potions of ambrosia
 e - 9 potions of heal wounds
 m - 2 potions of cancellation
 p - 7 potions of attraction
 q - 13 potions of mutation
 t - 2 potions of resistance
 u - 11 potions of haste
 z - 14 potions of might
 H - 17 potions of curing
 K - 4 potions of berserk rage
 Z - 8 potions of invisibility
Miscellaneous
 J - a lightning rod (4/4)
 N - a phantom mirror
 U - a box of beasts
 Y - a phial of floods


   Skills:
 O Level 27 Fighting
 - Level 25.0 Axes
 - Level 15.6 Ranged Weapons
 - Level 26.2 Armour
 O Level 27 Dodging
 + Level 17.3 Evocations


You had 25 spell levels left.
You didn't know any spells.
Your spell library was empty.

Dungeon Overview and Level Annotations

Branches:
Dungeon (15/15)            Temple (0/1) D:5            Lair (5/5) D:10
 Shoals (4/4) Lair:3       Spider (4/4) Lair:3        Slime (0/5) Lair:4
    Orc (2/2) D:9             Elf (3/3) Orc:2        Vaults (5/5) D:13
  Crypt (0/3) Vaults:3     Depths (4/4) D:15            Zot (5/5) Depths:4
Ossuary (visited)          WizLab (visited)

Altars:
Ashenzari
Cheibriados
Dithmenos
Elyvilon
Kikubaaqudgha
Nemelex Xobeh
Qazlal
Ru
Sif Muna
Trog
Vehumet
Wu Jian
Xom
Jiyva

Shops:
D:3 [   D:4 !   D:10 (   D:15 [   Orc:2 !!(:   Elf:1 *   Elf:2 :=:!
Shoals:2 ?   Depths:4 (

Portals:
Hell: Depths:1 Depths:2 Depths:3 Depths:4
Abyss: Depths:3
Pandemonium: Orc:2 Depths:2
Ziggurat: Depths:1

Annotations:
Vaults:4 exclusion: 2 downstairs
Zot:1 2 transporters, Beclu's ghost, legendary GnSk
Zot:4 2 transporters, exclusion: obsidian statue


Innate Abilities, Weirdness & Mutations

You have a pair of large horns on your head.
You reflexively headbutt those who attack you in melee.
Your health recovers twice as slowly from being drained.


Message History

You climb upwards.
There is a stone staircase leading down, spattered with blood here.
There is a stone staircase leading up here.
You climb upwards.
There is a stone staircase leading down here.
A daeva comes into view.
It is wielding a +2 scimitar of holy wrath.
Press: ? - help, v - describe, . - travel
Here: a daeva, wielding a +2 scimitar of holy wrath and wearing a +0 tower shield (haloed)
The floor.
The daeva calls down the wrath of the Shining One upon you.
The Shining One smites you!
There is a stone staircase leading up here.
The daeva calls down the wrath of the Shining One upon you.
The Shining One smites you!
You climb upwards.
There is a stone staircase leading down here.
What level of the Dungeon? (default 1, ? - help) HP restored.
There is a stone staircase leading up here.
You climb upwards.
There is a stone staircase leading down here.
A green death comes into view.
Press: ? - help, v - describe, . - travel
Here: a green death The floor.
You remove your ring of positive energy.
B - a ring of poison resistance (left hand)
The green death gestures at you.
Aiming: Dig
Press: ? - help, Shift-Dir - straight line A rock wall.
This square is covered in magical glow.
The rock shatters into small pieces.
Aiming: Dig
Press: ? - help, Shift-Dir - straight line A rock wall.
This square is covered in magical glow.
The rock shatters into small pieces.
There is a staircase leading out of the dungeon here.
You have escaped!

#.##.......##....2...#.#.####....
#.#.........###.#.#.##.#.# #.###
#.#....8....##.......#.#.# #....
#.#...........#3...###.#.# #..##
.>##.......####.#### #...# #....
#.####...######3..###########....
..####.### ##....2..##.........#.
###...### #.........##.#####.##.
#.......####....@3...##.#........
.........##....3.....##.#....####
....8......##....(..###...##'# #.
.........######...#####.####.# #)
#.......###########...#.#...≈# #.
###...###...........#.#.#.≈≈§###.
#########.#######...#.#.#§§###...
##..............+.......#§##.####
...######.#######...###.#.##.#.##


You could see a balrug and 4 sun demons.

Vanquished Creatures
  3 dread liches
  Mara (Elf:3)
  9 ancient liches
  3 orbs of fire
  A juggernaut (Depths:2)
  Sojobo (Vaults:4)
  9 Killer Klowns
  A curse toe (Zot:2)
  Saint Roka (Vaults:1)
  9 golden dragons
  Jory (Vaults:2)
  Norris (Vaults:4)
  A profane servitor (Zot:5)
  A Brimstone Fiend (Zot:2)
  Arachne (Spider:2)
  A Tzitzimitl (Zot:5)
  An Ice Fiend (Zot:5)
  3 electric golems
  2 hellephants (Depths:2)
  5 liches
  25 Orb Guardians (Zot:5)
  4 titans
  Asterion (Vaults:2)
  18 tentacled monstrosities
  3 deep elf blademasters
  3 deep elf master archers
  5 quicksilver dragons
  10 death cobs
  A sphinx (Vaults:4)
  An Executioner (Depths:2)
  Gastronok (Lair:2)
  Frances (Spider:2)
  Polyphemus (Shoals:4)
  Roxanne (D:15)
  7 tengu reavers
  10 shadow dragons
  Aizul (Vaults:2)
  5 draconian monks
  Donald (Spider:1)
  Ilsuiw (Shoals:4)
  12 storm dragons
  10 fire giants
  4 protean progenitors
  A revenant (Vaults:3)
  8 draconian knights
  3 deep elf sorcerers (Elf:3)
  The ghost of Jisity the Bludgeoner, an adept HuFi of Okawaru (Orc:1)
  2 iron dragons (Depths:3)
  23 vault wardens
  4 ghost moths
  9 draconian shifters
  9 frost giants
  5 draconian scorchers
  3 orc warlords
  3 emperor scorpions (Spider:4)
  5 draconian annihilators
  A ghoul (Vaults:3)
  5 deep elf elementalists
  A spriggan defender (Depths:2)
  18 stone giants
  3 draconian stormcallers
  12 very ugly things
  20 ironbound preservers
  4 broodmothers
  8 deep elf death magi
  5 green draconians
  7 ironbound thunderhulks
  9 deep elf demonologists
  3 formless jellyfish
  17 dire elephants
  Nessos (Lair:4)
  5 white draconians
  3 deep elf annihilators
  14 black draconians
  Azrael (Elf:1)
  13 yellow draconians
  8 spark wasps
  19 red draconians
  2 war gargoyles (Vaults:4)
  19 purple draconians
  A mummy priest (Elf:1)
  6 fire dragons
  4 blizzard demons (Depths:3)
  6 merfolk javelineers (Shoals:4)
  9 merfolk impalers
  7 statues (WizLab)
  12 ettins
  12 yaktaur captains
  7 ice dragons
  8 entropy weavers
  8 great orbs of eyes
  27 vault guards
  2 hell beasts
  2 alligators (Zot:4)
  4 deep elf high priests
  4 ogre magi
  3 rakshasas
  7 merfolk avatars
  A peacekeeper (Vaults:4)
  4 hydras
  2 spriggan air magi
  A demonspawn (Orc:2)
  Erica (D:11)
  5 death yaks
  A jorogumo (Spider:3)
  4 boulder beetles
  2 catoblepae
  6 ironbound frosthearts
  3 radroaches
  17 centaur warriors
  A satyr (Shoals:4)
  8 two-headed ogres
  An alligator snapping turtle (Shoals:4)
  9 deep troll earth magi
  6 orc high priests
  8 deep troll shamans
  2 demonic crawlers (Spider:4)
  5 spriggan berserkers
  A vampire mage (Depths:1)
  26 dancing weapons
  A tengu warrior (Depths:4)
  16 deep elf knights
  16 hell knights
  2 skeletal warriors (Vaults:3)
  7 skysharks
  A sun demon (Depths:2)
  A spriggan (Depths:3)
  A spectral anaconda (Lair:5)
  A sixfirhy (Orc:2)
  5 pharaoh ants
  A flayed ghost (Depths:2)
  A spectral death yak (Lair:5)
  4 iron trolls
  2 shadow demons (Elf:1)
  2 glowing orange brains
  A sea snake (shapeshifter) (Vaults:5)
  11 orb spiders
  8 sea snakes
  82 deep trolls
  2 goliath frogs (Zot:4)
  7 arcanists
  An orange crystal statue (Zot:5)
  A sun moth (Spider:3)
  15 harpies
  3 obsidian statues
  12 orc knights
  9 lindwurms
  6 steelbarb worms
  13 deep elf archers
  9 necromancers
  4 oklob plants
  35 deep elf pyromancers
  2 phantasmal warriors
  18 ironbound convokers
  40 deep elf zephyrmancers
  13 orc sorcerers
  A faun (shapeshifter) (Elf:2)
  A stone giant zombie (Vaults:5)
  22 wolf spiders
  14 manticores
  7 fauns
  4 cyclopes
  22 ugly things
  3 black mambas
  Joseph (D:8)
  17 moths of wrath
  10 meliai
  9 water nymphs
  5 merfolk sirens
  20 slime creatures
  A stone giant skeleton (Vaults:5)
  12 vault sentinels
  2 kobold blastminers (Orc:2)
  8 elephants (Lair:5)
  A gargoyle (D:11)
  9 torpor snails
  2 smoke demons
  2 unseen horrors (D:13)
  Jeremiah (D:7)
  14 komodo dragons
  A cane toad (shapeshifter) (D:15)
  4 rime drakes
  12 cane toads
  3 freezing wraiths
  2 kobold demonologists (Elf:1)
  An ice devil (Orc:2)
  2 efreet
  32 yaktaurs
  Psyche (D:8)
  The ghost of Farlane the Chopper, an amateur HOMo (D:4)
  11 tengu conjurers
  3 polar bears
  7 hornets
  A merfolk (shapeshifter) (Depths:4)
  A tengu simulacrum (Vaults:5)
  A hellwing (Orc:2)
  A tarantella (shapeshifter) (D:15)
  5 trolls
  8 wind drakes
  17 merfolk
  A tyrant leech (Zot:5)
  9 snapping turtles
  31 tarantellas
  6 dream sheep
  A spectral elephant (Lair:5)
  A glass eye (Depths:2)
  12 blink frogs
  25 jumping spiders
  2 shadows
  A slime creature (shapeshifter) (Depths:3)
  17 culicivoras
  16 water elementals
  A vampire (D:14)
  4 air elementals
  5 ynoxinuls
  71 yaks
  5 basilisks
  5 fire elementals
  3 golden eyes (D:8)
  A steam dragon (D:8)
  3 wyverns
  15 vampire mosquitoes
  3 wargs
  2 death yak simulacra (Lair:5)
  Menkaure (D:7)
  51 redbacks
  An acid dragon (D:11)
  7 hell hounds
  17 water moccasins
  53 orc warriors
  A sky beast (D:7)
  2 hornet zombies (D:4)
  2 ice beasts (D:7)
  15 wolves
  A black bear (D:5)
  3 boggarts (Elf:1)
  8 ogres
  20 centaurs
  A phantom (D:5)
  3 elf zombies (Ossuary)
  6 kobold brigands
  A brain worm (shapeshifter) (Vaults:5)
  5 bullfrogs
  6 earth elementals
  3 cane toad simulacra (Lair:5)
  A wyvern skeleton (D:4)
  A human skeleton (Vaults:5)
  20 killer bees
  3 howler monkeys (D:9)
  4 electric eels
  A vampire bat (D:3)
  3 bombardier beetles
  2 centaur zombies (Ossuary)
  2 hounds (D:6)
  2 human zombies (Ossuary)
  21 jellies
  Crazy Yiuf (D:7)
  39 orc priests
  3 gnoll boudas
  12 iguanas
  4 sleepcaps
  Natasha (twice) (D:3)
  31 orc wizards
  5 hound zombies (Ossuary)
  2 mummies (Ossuary)
  20 gnolls
  8 adders
  2 adder zombies (Ossuary)
  2 dart slugs
  A ribbon worm (D:3)
  78 orcs
  8 bats
  2 bat skeletons (D:3)
  4 bat zombies (D:3)
  18 endoplasms
  2 giant cockroaches
  4 gnoll zombies (Ossuary)
  7 goblins
  5 hobgoblins
  2 quokkas (D:3)
  9 ball pythons
  23 frilled lizards
  7 jackal zombies (Ossuary)
  44 kobolds
  5 kobold zombies (Ossuary)
  7 orc zombies (Ossuary)
  An aspiring flesh (Zot:5)
  A spectral weapon (Vaults:2)
2219 creatures vanquished.

Vanquished Creatures (collateral kills)
  Frederick (Vaults:2)
  Margery (Vaults:2)
  A hellephant (Vaults:2)
  Louise (Spider:2)
  A draconian stormcaller (Zot:5)
  An ironbound preserver (Vaults:2)
  A very ugly thing (Vaults:5)
  A cacodemon (Depths:2)
  An orc warlord (Orc:1)
  2 ironbound thunderhulks (Vaults:2)
  A yaktaur captain (Vaults:4)
  A vault guard (Vaults:5)
  An entropy weaver (Vaults:5)
  3 two-headed ogres
  3 orc high priests
  3 hell knights (Vaults:2)
  An orb spider (shapeshifter) (Vaults:5)
  A deep elf pyromancer (D:14)
  3 orc knights
  2 orc sorcerers (Vaults:1)
  2 vault sentinels (Vaults:5)
  2 komodo dragons
  A freezing wraith (Vaults:5)
  5 yaktaurs
  A merfolk (shapeshifter) (Vaults:5)
  2 yaks (Lair:3)
  An orc warrior (Orc:1)
  An ogre (Orc:1)
  An orc priest (Vaults:1)
46 creatures vanquished.

Vanquished Creatures (others)
  A draconian knight (Zot:1)
  2 black draconians
  A deep elf demonologist (Elf:3)
  A deep elf high priest (Vaults:5)
  2 vault guards (Vaults:5)
  A deep elf zephyrmancer (Elf:2)
  2 yaktaurs (Vaults:5)
  A merfolk (Shoals:1)
  2 ynoxinuls (Depths:3)
  An air elemental (Elf:2)
  A redback (Spider:4)
  An orc warrior (Elf:3)
  A giant cockroach (D:3)
  5 ball lightnings (Elf:2)
  6 tentacles (Shoals:1)
28 creatures vanquished.

Grand Total: 2293 creatures vanquished

Notes
Turn   | Place    | Note
-------+----------+-------------------------------------------
     0 | D:1      | Gartch the Minotaur Berserker began the quest for the Orb.
     0 | D:1      | Reached XP level 1. HP: 19/19 MP: 0/0
   405 | D:1      | Reached XP level 2. HP: 27/27 MP: 1/1
  1591 | D:2      | Reached XP level 3. HP: 32/33 MP: 2/2
  2111 | D:3      | Reached skill level 5 in Axes
  2111 | D:3      | Reached XP level 4. HP: 41/41 MP: 3/3
  2119 | D:3      | Found a faded altar of an unknown god.
  2291 | D:3      | Found a shimmering altar of Xom.
  2318 | D:3      | Reached ** piety under Trog
  2437 | D:3      | Reached XP level 5. HP: 43/47 MP: 4/4
  2738 | D:3      | Reached skill level 5 in Fighting
  2785 | D:3      | Found a sparkling altar of Nemelex Xobeh.
  2947 | D:3      | Noticed Natasha
  2960 | D:3      | Killed Natasha
  3022 | D:3      | Found Amuz's Antique Armour Shop.
  3269 | D:3      | Reached XP level 6. HP: 55/56 MP: 5/5
  3288 | D:3      | Found an ancient bone altar of Kikubaaqudgha.
  3457 | D:4      | Found a shadowy altar of Dithmenos.
  3942 | D:4      | Found a runed translucent gate.
  3942 | D:4      | Found a runed translucent gate.
  3942 | D:4      | Found a runed translucent gate.
  3950 | D:4      | Noticed Farlane's ghost (amateur HOMo)
  3961 | D:4      | Found Zaisisij's Distillery.
  3975 | D:4      | Bought a potion of heal wounds for 50 gold pieces
  3975 | D:4      | Bought a potion of curing for 30 gold pieces
  3975 | D:4      | Bought a potion of attraction for 30 gold pieces
  3975 | D:4      | Bought a potion of lignification for 30 gold pieces
  3975 | D:4      | Bought a potion of might for 40 gold pieces
  4021 | D:4      | Found a snail-covered altar of Cheibriados.
  4107 | D:3      | Noticed Natasha
  4119 | D:3      | Killed Natasha
  4266 | D:5      | Entered Level 5 of the Dungeon
  4339 | D:5      | Found a radiant altar of Vehumet.
  4575 | D:5      | Found a staircase to the Ecumenical Temple.
  4591 | D:5      | Found a white marble altar of Elyvilon.
  4788 | D:5      | Reached XP level 7. HP: 57/62 MP: 6/6
  5121 | D:5      | Reached *** piety under Trog
  5490 | D:5      | Reached skill level 5 in Dodging
  5995 | D:6      | Reached XP level 8. HP: 71/71 MP: 7/7
  6028 | D:6      | Found a sand-covered staircase.
  6038 | Ossuary  | Entered an ossuary
  6465 | Ossuary  | Reached **** piety under Trog
  6818 | D:6      | Reached skill level 10 in Axes
  6824 | D:6      | Identified the +0 leather armour of the Everdark {rCorr}
  6992 | D:7      | Found a shimmering blue altar of Sif Muna.
  7354 | D:7      | Reached XP level 9. HP: 55/81 MP: 8/8
  7683 | D:7      | Noticed Menkaure
  7702 | D:7      | Killed Menkaure
  7739 | D:7      | Noticed Jeremiah
  7764 | D:7      | Killed Jeremiah
  7937 | D:7      | Found a runed translucent door.
  7938 | D:7      | Noticed Crazy Yiuf
  8244 | D:7      | Killed Crazy Yiuf
  8340 | D:8      | Noticed Joseph
  9943 | D:8      | Identified the +1 plate armour "Aru Odamm" {Rampage *Slow
                  | Str+2 SInv}
  9973 | D:8      | Killed Joseph
  9974 | D:8      | Reached XP level 10. HP: 31/91 MP: 9/9
 10181 | D:8      | Noticed Psyche
 10192 | D:8      | Killed Psyche
 10558 | D:9      | Reached skill level 10 in Fighting
 10842 | D:9      | Found a broken altar of Ashenzari.
 10929 | D:9      | Reached ***** piety under Trog
 11093 | D:9      | Noticed a two-headed ogre
 11225 | D:9      | Paralysed by a hornet for 1 turns
 11231 | D:9      | Paralysed by a hornet for 1 turns
 11660 | D:9      | Found a staircase to the Orcish Mines.
 11822 | D:9      | Reached skill level 5 in Armour
 12181 | D:9      | Found a bloodstained altar of Trog.
 12409 | D:10     | Entered Level 10 of the Dungeon
 12524 | D:10     | Reached XP level 11. HP: 101/101 MP: 10/10
 13122 | D:10     | Found Pirut's Weapon Emporium.
 13186 | D:10     | Noticed a two-headed ogre
 13878 | D:10     | Found a staircase to the Lair.
 13907 | D:10     | Reached skill level 15 in Axes
 13967 | Lair:1   | Entered Level 1 of the Lair of Beasts
 14093 | D:9      | Killed a two-headed ogre
 14094 | D:9      | Reached skill level 10 in Dodging
 14405 | D:10     | Killed a two-headed ogre
 15152 | Lair:1   | Received a gift from Trog
 15970 | D:4      | Bought a potion of curing for 30 gold pieces
 16212 | Lair:1   | Reached XP level 12. HP: 112/112 MP: 11/11
 16888 | Lair:2   | Upgraded the game from 0.31.0 to 0.31.0-2-g5a2aebc5c2
 17585 | D:11     | Found a broken altar of Ashenzari.
 17691 | D:11     | Noticed Erica
 17705 | D:11     | Killed Erica
 17999 | D:11     | Noticed a two-headed ogre
 18004 | D:11     | Killed a two-headed ogre
 18375 | D:12     | Noticed a boulder beetle
 18394 | D:12     | Killed a boulder beetle
 18706 | D:12     | Noticed a two-headed ogre
 18712 | D:12     | Killed a two-headed ogre
 18971 | D:12     | Noticed a two-headed ogre
 18982 | D:12     | Killed a two-headed ogre
 19619 | D:13     | Noticed a seven-headed hydra
 19741 | D:13     | Noticed a yaktaur captain
 19755 | D:13     | Killed a yaktaur captain
 19987 | D:13     | Noticed a centaur warrior
 20000 | D:13     | Killed a centaur warrior
 20001 | D:13     | Reached XP level 13. HP: 97/122 MP: 12/12
 20066 | D:13     | Found a gate to the Vaults.
 20423 | D:14     | Found a sacrificial altar of Ru.
 20731 | D:14     | Reached skill level 10 in Armour
 20753 | D:14     | Received a gift from Trog
 21573 | D:15     | Entered Level 15 of the Dungeon
 21856 | D:15     | Found a staircase to the Depths.
 21856 | D:15     | Noticed a dire elephant
 21867 | D:15     | Killed a dire elephant
 22171 | D:15     | Reached XP level 14. HP: 119/132 MP: 13/13
 22266 | D:15     | Identified the +7 trident of Sequestration {heavy, *Rage
                  | rN+ Str+2}
 22286 | D:15     | Found an ornate altar of the Wu Jian Council.
 22423 | D:15     | Noticed Roxanne
 22438 | D:15     | Found Utuwin's Antique Armour Shoppe.
 23574 | Lair:2   | Noticed Gastronok
 24055 | Lair:2   | Killed Gastronok
 24378 | Lair:3   | Found a hole to the Spider Nest.
 24635 | Lair:3   | Found a staircase to the Shoals.
 24647 | Lair:3   | Reached skill level 15 in Fighting
 25529 | Lair:4   | Noticed Nessos
 25542 | Lair:4   | Killed Nessos
 25726 | Lair:4   | Found a staircase to the Slime Pits.
 25740 | Lair:4   | Found a viscous altar of Jiyva.
 25743 | Lair:4   | Reached ****** piety under Trog
 25807 | Lair:4   | Identified the +7 glaive of Locus Delicti {flame, Will-
                  | rCorr Str+3} (Trog gifted it to you on level 4 of the Lair
                  | of Beasts)
 25807 | Lair:4   | Received a gift from Trog
 26384 | Lair:5   | Entered Level 5 of the Lair of Beasts
 26407 | Lair:5   | Found a radiant altar of Vehumet.
 26910 | Lair:5   | Reached XP level 15. HP: 141/141 MP: 14/14
 27700 | Lair:5   | Identified the +2 battleaxe of Disorder {antimagic, SInv}
                  | (Trog gifted it to you on level 5 of the Lair of Beasts)
 27700 | Lair:5   | Received a gift from Trog
 28273 | Orc:1    | Entered Level 1 of the Orcish Mines
 28276 | Orc:1    | Noticed Jisity's ghost (adept HuFi)
 28360 | Orc:1    | Found a transporter.
 28664 | Orc:1    | Found a transporter.
 28733 | Orc:2    | Entered Level 2 of the Orcish Mines
 29305 | Orc:2    | Found a staircase to the Elven Halls.
 30502 | Orc:2    | Found Xuohiarr's Distillery.
 30505 | Orc:2    | Found Piohodur's Distillery.
 30662 | Orc:2    | Received a gift from Trog
 31027 | Orc:2    | Found Korioqiwu's Antique Weapon Boutique.
 31027 | Orc:2    | Found Ebarghouf's Book Shop.
 31028 | Orc:2    | Found a one-way gate leading to the halls of Pandemonium.
 31459 | Orc:1    | Killed Jisity's ghost
 31708 | D:3      | Bought a glowing cloak for 210 gold pieces
 31713 | D:3      | Bought a runed plate armour for 728 gold pieces
 32343 | Spider:1 | Entered Level 1 of the Spider Nest
 32428 | Spider:1 | Reached skill level 15 in Dodging
 33669 | Spider:1 | Noticed Donald
 33682 | Spider:1 | Killed Donald
 33858 | Spider:1 | Received a gift from Trog
 33859 | Spider:1 | Reached XP level 16. HP: 129/152 MP: 15/15
 34387 | Spider:2 | Noticed Frances
 34663 | Spider:2 | Noticed Louise
 34693 | Spider:2 | Killed Louise
 34902 | Spider:2 | Killed Frances
 35372 | Spider:2 | Noticed Arachne
 35394 | Spider:2 | Killed Arachne
 37521 | Spider:4 | Entered Level 4 of the Spider Nest
 38112 | Spider:4 | Identified the +9 mace "Killer Bee's Peril" {elec, rN+
                  | SInv}
 38910 | Spider:4 | Reached XP level 17. HP: 163/163 MP: 16/16
 39130 | Spider:4 | Received a gift from Trog
 39167 | Spider:4 | Paralysed by a hornet for 1 turns
 39827 | Spider:4 | Got a gossamer rune of Zot
 40361 | D:4      | Killed Farlane's ghost
 40555 | Orc:2    | Bought a potion of heal wounds for 75 gold pieces
 40555 | Orc:2    | Bought 2 potions of attraction for 90 gold pieces
 40555 | Orc:2    | Bought a potion of invisibility for 120 gold pieces
 40555 | Orc:2    | Bought a potion of might for 60 gold pieces
 40555 | Orc:2    | Bought a potion of invisibility for 120 gold pieces
 40555 | Orc:2    | Bought a potion of invisibility for 120 gold pieces
 40555 | Orc:2    | Bought a potion of heal wounds for 75 gold pieces
 40555 | Orc:2    | Bought a potion of enlightenment for 75 gold pieces
 40557 | Orc:2    | Bought a potion of haste for 140 gold pieces
 40557 | Orc:2    | Bought a potion of heal wounds for 70 gold pieces
 40557 | Orc:2    | Bought a potion of berserk rage for 70 gold pieces
 40752 | Shoals:1 | Entered Level 1 of the Shoals
 41471 | Shoals:1 | Noticed a kraken
 41774 | Shoals:2 | Found Jeiletsi's Magic Scroll Shop.
 41864 | Shoals:2 | Received a gift from Trog
 41872 | Shoals:2 | Reached skill level 15 in Armour
 41903 | Shoals:2 | Bought a scroll of teleportation for 39 gold pieces
 41906 | Shoals:2 | Upgraded the game from 0.31.0-2-g5a2aebc5c2 to
                  | 0.31.0-4-g52a2dc7128
 43119 | Shoals:4 | Entered Level 4 of the Shoals
 43163 | Shoals:4 | Noticed Polyphemus
 43398 | Shoals:4 | Received a gift from Trog
 43443 | Shoals:4 | Killed Polyphemus
 43889 | Shoals:4 | Reached XP level 18. HP: 176/176 MP: 17/17
 44184 | Shoals:4 | Got a barnacled rune of Zot
 44482 | Shoals:4 | Noticed Ilsuiw
 44623 | Shoals:4 | Killed Ilsuiw
 45290 | Vaults:1 | Entered Level 1 of the Vaults
 45311 | Vaults:1 | Received a gift from Trog
 45703 | Vaults:1 | Noticed Saint Roka
 45752 | Vaults:1 | Killed Saint Roka
 46107 | Vaults:1 | Identified the +9 mace "Grim Tooth" {flame, *Noise Fly
                  | rElec rC++}
 46113 | Vaults:1 | Received a gift from Trog
 48186 | Vaults:2 | Identified the orb of Raibref {light, MP+9 Dex+3 Fire}
 48186 | Vaults:2 | Noticed Frederick
 48261 | Vaults:2 | Noticed Margery
 48262 | Vaults:2 | Noticed a hellephant
 48270 | Vaults:2 | Killed Frederick
 48271 | Vaults:2 | Reached XP level 19. HP: 188/188 MP: 6/18
 48276 | Vaults:2 | Killed Margery
 48297 | Vaults:2 | Killed a hellephant
 48526 | Vaults:2 | Identified the +9 short sword "Imunyosh" {heavy, Will+++
                  | Dex-2 SInv} (Trog gifted it to you on level 2 of the
                  | Vaults)
 48526 | Vaults:2 | Received a gift from Trog
 48580 | Vaults:2 | Noticed Jory
 49042 | Vaults:2 | Killed Jory
 49632 | Vaults:2 | Identified the serpent talisman "Yvvogg" {Str+5 Int+3
                  | Dex+2}
 49632 | Vaults:2 | Noticed Aizul
 49649 | Vaults:2 | Killed Aizul
 49817 | Vaults:2 | Paralysed by a formless jellyfish for 1 turns
 50186 | Vaults:2 | Identified the +5 kite shield of Ru's Outrage {rC- Str+5}
 50186 | Vaults:2 | Noticed Asterion
 50197 | Vaults:2 | Killed Asterion
 51252 | Vaults:3 | Paralysed by an orc sorcerer for 4 turns
 52349 | Vaults:3 | Reached XP level 20. HP: 161/201 MP: 19/19
 52719 | Vaults:3 | Identified the +3 long sword "Hapn" {heavy, rPois rN+ rCorr
                  | Dex+3} (Trog gifted it to you on level 3 of the Vaults)
 52719 | Vaults:3 | Received a gift from Trog
 53010 | Vaults:3 | Found a staircase to the Crypt.
 54002 | Vaults:4 | Noticed Sojobo
 54006 | Vaults:4 | Paralysed by an air elemental for 1 turns
 54010 | Vaults:4 | Paralysed by an air elemental for 1 turns
 55132 | Vaults:4 | Noticed Norris
 55306 | Vaults:4 | Paralysed by an air elemental for 1 turns
 55631 | Elf:1    | Entered Level 1 of the Elven Halls
 56233 | Elf:1    | Noticed Azrael
 56254 | Elf:1    | Killed Azrael
 56295 | Elf:1    | Found a shimmering blue altar of Sif Muna.
 56459 | Elf:1    | Identified the +0 ring mail "Nen Ekou" {Rampage +Blink rF+}
 56865 | Elf:1    | Received a gift from Trog
 57048 | Elf:1    | Found Dywarch's Mass Market.
 57076 | Elf:1    | Paralysed by an air elemental for 1 turns
 57080 | Elf:1    | Paralysed by an air elemental for 1 turns
 57981 | Elf:2    | Found Baol's Distillery.
 57989 | Elf:2    | Bought a potion of heal wounds for 65 gold pieces
 58081 | Elf:2    | Found a radiant altar of Vehumet.
 58401 | Elf:2    | Reached XP level 21. HP: 211/212 MP: 6/20
 58551 | Elf:2    | Received a gift from Trog
 58651 | Elf:2    | Found a huge runed translucent gate.
 58651 | Elf:2    | Found a huge runed translucent gate.
 58651 | Elf:2    | Found a huge runed translucent gate.
 58651 | Elf:2    | Found a huge runed translucent gate.
 58651 | Elf:2    | Found a huge runed translucent gate.
 58701 | Elf:2    | Found Wune's Book Emporium.
 58702 | Elf:2    | Found Rimpar's Jewellery Shop.
 58703 | Elf:2    | Found Zuth's Book Emporium.
 59801 | Elf:3    | Entered Level 3 of the Elven Halls
 60033 | Elf:3    | Received a gift from Trog
 60150 | Elf:3    | Noticed Mara
 60587 | Elf:3    | Paralysed by an air elemental for 1 turns
 60617 | Elf:3    | Noticed Gartch's illusion
 60628 | Elf:3    | Killed Mara
 61101 | Elf:3    | Paralysed by an air elemental for 1 turns
 61162 | Elf:3    | Identified the +2 broad axe of Dimo {distort, Dex+2}
 61212 | Elf:3    | Received a gift from Trog
 62459 | Elf:3    | Found the +9 sword of Power {lifebolt}
 62514 | Elf:3    | Identified the amulet "Neetaf" {RegenMP rN+}
 62517 | Elf:3    | Identified the +1 chain mail of the Curious Eyes {Dex+5}
 62530 | Elf:3    | Identified the amulet "Ceq Baat" {RegenMP Rampage}
 62546 | Elf:3    | Identified a scroll of acquirement
 62547 | Elf:3    | Acquired a manual of Fighting
 63078 | Depths:1 | Entered Level 1 of the Depths
 63212 | Depths:1 | Reached skill level 1 in Ranged Weapons
 63405 | Depths:1 | Received a gift from Trog
 63459 | Depths:1 | Found a stormy altar of Qazlal.
 63575 | Depths:1 | Found a one-way gateway to a ziggurat.
 64257 | Depths:1 | Found a gateway to Hell.
 64423 | Depths:1 | Reached XP level 22. HP: 164/226 MP: 6/21
 64851 | Depths:2 | Identified the +10 battleaxe of Annoyance {flame, *Noise
                  | rF++ Dex+8} (Trog gifted it to you on level 2 of the
                  | Depths)
 64851 | Depths:2 | Received a gift from Trog
 65006 | Depths:2 | Reached skill level 5 in Ranged Weapons
 65205 | Depths:2 | Identified the +8 lajatang of Xogy {freeze, *Corrode rF+
                  | rN+}
 65205 | Depths:2 | Identified the +0 shadow dragon scales of Tartarus {Harm
                  | rF+ Stlth++++}
 66309 | Depths:3 | Found a magical portal.
 66328 | Depths:3 | Gained mutation: You have a pair of large horns on your
                  | head. [a shining eye]
 66597 | Depths:3 | Reached skill level 1 in Evocations
 66652 | WizLab   | Entered Iskenderun's Mystic Tower
 67829 | WizLab   | Received a gift from Trog
 68369 | Depths:3 | Found a one-way gate to the infinite horrors of the Abyss.
 68652 | Depths:2 | Noticed a juggernaut
 68663 | Depths:2 | Killed a juggernaut
 68820 | Depths:4 | Entered Level 4 of the Depths
 69134 | Depths:4 | Identified the serpent talisman of Tenacity {Will+ SInv}
 69175 | Depths:3 | Reached skill level 27 in Fighting
 69706 | Depths:4 | Identified the +13 battleaxe of Moral Flaws {flame, Str+3}
                  | (Trog gifted it to you on level 4 of the Depths)
 69706 | Depths:4 | Received a gift from Trog
 69791 | Depths:4 | Found Doserch's Weapon Shoppe.
 69836 | Depths:4 | Reached XP level 23. HP: 229/240 MP: 22/22
 70321 | Depths:4 | Reached skill level 5 in Evocations
 70490 | Depths:4 | Found a gate to the Realm of Zot.
 70901 | Vaults:4 | Killed Norris
 71632 | Vaults:4 | Killed Sojobo
 71633 | Vaults:4 | Reached skill level 10 in Ranged Weapons
 71878 | D:15     | Killed Roxanne
 72296 | Vaults:5 | Entered Level 5 of the Vaults
 72299 | Vaults:5 | Noticed a dread lich
 72366 | Vaults:5 | Noticed an ancient lich
 72370 | Vaults:5 | Killed a dread lich
 72380 | Vaults:5 | Identified the +2 scimitar "Moas" {heavy, rCorr}
 72384 | Vaults:5 | Killed an ancient lich
 72419 | Vaults:5 | Received a gift from Trog
 72717 | Vaults:5 | Identified the +3 scale mail "Wekyh" {rElec rPois Will+
                  | MP+9}
 72767 | Vaults:5 | Identified the +0 ring mail "Qauloij" {rF+ rC+ Will+}
 72896 | Vaults:5 | Identified the +6 demon whip "Sattilot" {drain, rF+}
 72917 | Vaults:5 | Found the +12 glaive of Prune {freeze, Prune}
 73029 | Vaults:5 | Found the +8 whip "Snakebite" {venom, curare, rPois}
 73061 | Vaults:5 | Reached XP level 24. HP: 249/249 MP: 22/22
 73173 | Vaults:5 | Received a gift from Trog
 73417 | Vaults:5 | Got a silver rune of Zot
 73441 | Vaults:5 | Identified the staff of Frustration {rPois rC- Str+4 Conj
                  | Ice}
 73484 | Vaults:5 | Identified the +8 plate armour "Ulud" {rCorr Stlth+}
 74538 | Zot:1    | Entered Level 1 of the Realm of Zot
 74931 | Orc:2    | Bought a potion of mutation for 112 gold pieces
 74933 | Orc:2    | Bought a potion of attraction for 42 gold pieces
 75035 | Elf:2    | Bought a potion of haste for 130 gold pieces
 75035 | Elf:2    | Bought a potion of resistance for 130 gold pieces
 75236 | D:4      | Bought a potion of mutation for 80 gold pieces
 75556 | Shoals:2 | Bought a scroll of fog for 52 gold pieces
 76068 | Zot:1    | Reached skill level 10 in Evocations
 76142 | Zot:1    | Found a transporter.
 76142 | Zot:1    | Noticed Beclu's ghost (legendary GnSk)
 76142 | Zot:1    | Noticed a dread lich
 76148 | Zot:1    | Noticed an ancient lich
 76152 | Zot:1    | Found a transporter.
 77232 | Zot:2    | Noticed a Killer Klown
 77258 | Zot:1    | Killed a Killer Klown
 78326 | Zot:2    | Identified the orb of Sunlight {guile, ^Contam rElec rC++}
 78384 | Zot:2    | Reached skill level 15 in Ranged Weapons
 78844 | Zot:3    | Identified the +0 pair of boots "Wucuoxe" {*Corrode +Blink
                  | Str+2}
 78934 | Zot:3    | Received a gift from Trog
 79341 | Zot:3    | Reached XP level 25. HP: 227/257 MP: 0/22
 79503 | Zot:3    | Noticed a Killer Klown
 79528 | Zot:3    | Killed a Killer Klown
 79865 | Zot:3    | Identified the +5 battleaxe of Zoz Zakk {venom, Str+2}
 79888 | Zot:3    | Identified the +2 robe of Demons {rElec rN++ Str-5 Dex+2}
 80071 | Zot:4    | Found a transporter.
 80179 | Zot:4    | Found a transporter.
 80333 | Zot:4    | Upgraded the game from 0.31.0-4-g52a2dc7128 to
                  | 0.31.0-7-gf635a9b802
 80449 | Zot:4    | Noticed a Killer Klown
 80474 | Zot:4    | Killed a Killer Klown
 81061 | Zot:4    | Noticed an orb of fire
 81061 | Zot:4    | Gained mutation: Your health recovers twice as slowly from
                  | being drained. [an orb of fire]
 81068 | Zot:4    | Killed an orb of fire
 81275 | Zot:5    | Entered Level 5 of the Realm of Zot
 82609 | Zot:5    | Noticed an orb of fire
 82671 | Zot:5    | Killed an orb of fire
 82673 | Zot:5    | Noticed a Killer Klown
 82678 | Zot:5    | Killed a Killer Klown
 82678 | Zot:5    | Identified the +10 battleaxe of Punishment {flame, +Blink
                  | rF- Dex+4} (Trog gifted it to you on level 5 of the Realm
                  | of Zot)
 82678 | Zot:5    | Received a gift from Trog
 82703 | Zot:5    | Noticed an ancient lich
 82718 | Zot:5    | Killed an ancient lich
 82890 | Zot:5    | Noticed an ancient lich
 82891 | Zot:5    | Noticed an ancient lich
 82903 | Zot:5    | Noticed an ancient lich
 82906 | Zot:5    | Killed an ancient lich
 82915 | Zot:5    | Killed an ancient lich
 82920 | Zot:5    | Killed an ancient lich
 82984 | Zot:5    | Noticed a Killer Klown
 82993 | Zot:5    | Killed a Killer Klown
 82994 | Zot:5    | Noticed an ancient lich
 83008 | Zot:5    | Killed an ancient lich
 83195 | Zot:5    | Reached skill level 27 in Dodging
 83379 | Zot:5    | Reached skill level 15 in Evocations
 83490 | Zot:5    | Noticed a Killer Klown
 83508 | Zot:5    | Killed a Killer Klown
 83780 | Zot:5    | Noticed an ancient lich
 83796 | Zot:5    | Killed an ancient lich
 83835 | Zot:5    | Noticed a Killer Klown
 83836 | Zot:5    | Noticed an ancient lich
 83862 | Zot:5    | Killed a Killer Klown
 83881 | Zot:5    | Noticed a dread lich
 83908 | Zot:5    | Killed a dread lich
 83922 | Zot:5    | Noticed an orb of fire
 83932 | Zot:5    | Killed an orb of fire
 83933 | Zot:5    | Reached XP level 26. HP: 190/266 MP: 7/22
 84014 | Zot:5    | Noticed an ancient lich
 84040 | Zot:5    | Killed an ancient lich
 84068 | Zot:5    | Noticed a dread lich
 84076 | Zot:5    | Killed a dread lich
 84084 | Zot:5    | Killed an ancient lich
 84204 | Zot:5    | Received a gift from Trog
 84352 | Zot:5    | Got the Orb of Zot
 84458 | Zot:5    | HP: 8/263 [Ice Fiend (35)]
 84707 | Depths:3 | Noticed Muov Noo the pandemonium lord
 85233 | D:$      | Escaped with the Orb!

Illustrated notes

Levels and vault maps discovered:
D:1:      dpeg_arrival_three_same_balls, layout_basic, kennysheep_another_room,
          kennysheep_nondescript
D:2:      layout_basic
D:3:      layout_loops_ring, kennysheep_vampire_church,
          nemelex_diamond_rough_becter, xom_confusion_cloud, serial_shops, shop,
          nicolae_ecumenical_snake_handling, kennysheep_generic_room_14,
          uniq_natasha
D:4:      layout_rooms, cheibriados_altar_1, grunt_dithmenos_smoke,
          serial_shops, nicolae_shop_advertising_works
          [nicolae_subvault_shop_adworks], gammafunk_ghost_necromancy
D:5:      layout_loops_corners, mainiacjoe_overflow_small_starburst,
          mainiacjoe_overflow_surrounded_room, minmay_temple_entry_glassed_door
D:6:      layout_basic, lightli_ossuary_entry_decrepit_ruins
D:7:      layout_rooms, mainiacjoe_overflow_catwalk, uniq_jeremiah,
          uniq_crazy_yiuf_cottage, uniq_menkaure
D:8:      minmay_general_purpose_star, layout_basic, uniq_psyche, uniq_joseph
D:9:      layout_basic, mainiacjoe_overflow_cross_hatched,
          mainiacjoe_overflow_paths, david_orc_3, fungi_pond_lemuel,
          hangedman_abyss_or_decor_stagger
D:10:     lemuel_reptile_caves, layout_basic, lair_entry_dummy, serial_shops,
          nicolae_shop_bloodbath_and_beyond, grunt_ministairs_15,
          nicolae_benzene_ring, chequers_avenue
D:11:     layout_gridville, nicolae_ashenzari_panopticon, uniq_erica
D:12:     layout_basic
D:13:     layout_roguey, david_vaults_2, serial_bayou, serial_bayou_pond_a,
          serial_bayou_lagoon_a, serial_bayou_crossing, serial_bayou_pond_a
D:14:     layout_loops_corners, nicolae_ru_great_annihilating_truth
D:15:     hangedman_depths_entry_try_elsewhere_first, layout_loops_cross,
          serial_shops, nicolae_shop_gibbet_a_chance,
          pdpol_wu_jian_five_deadly_venoms, minmay_hedge_maze, uniq_roxanne
Lair:1:   lemuel_slime, layout_cave_pods, serial_bayou_shore_b,
          infiniplex_staircase_pool, lemuel_fruit_fields
Lair:2:   layout_hall_layers, uniq_gastronok
Lair:3:   dpeg_oklob_shooting_range, layout_chaotic_city,
          minmay_shoals_entry_hut, hellmonk_spider_entry_not_the_bees
Lair:4:   layout_regular_city, minmay_slime_entry_jelly_boxes,
          chequers_serial_rivers_large_a, uniq_nessos
Lair:5:   due_jungle_book, layout_loops_ring, basic_altar
Shoals:1: layout_shoals, dpeg_stationary_puzzle
Shoals:2: layout_shoals, serial_shops, shop
Shoals:3: layout_shoals, nicolae_shoals_shepherds
Shoals:4: shoals_end_grunt_ice, layout_shoals, shoal_ilsuiw, uniq_polyphemus
Spider:1: layout_spider_delve, uniq_donald
Spider:2: layout_chambers, uniq_arachne, uniq_louise, uniq_frances
Spider:3: layout_cave_pods
Spider:4: spider_rune_water, drop_trap
Orc:1:    layout_caves, gammafunk_ghost_arena, nicolae_orc_found_a_spring
Orc:2:    pf_orc_diabolical, layout_diamond_mine
Elf:1:    eino_elf_arrival_sip, layout_geoelf_octagon, minmay_elf_annihilation,
          hangedman_elven_pyramids, minmay_shop_mass, hangedman_summoners_spam,
          uniq_azrael
Elf:2:    elven_hall_of_blades_hangedman_alternative
          [nicolae_blade_entry_area_security], layout_gridlike, serial_aquarium,
          aquarium_bridge_square [aquarium_subvault_bridge,
          aquarium_subvault_window, aquarium_subvault_wall,
          aquarium_subvault_balcony], aquarium_bridge_square
          [aquarium_subvault_bridge, aquarium_subvault_wall,
          aquarium_subvault_bridge, aquarium_subvault_window],
          aquarium_window_2, aquarium_window_fake, aquarium_window_1,
          aquarium_view_2d, aquarium_balcony_1a, aquarium_pool_2, serial_shops,
          shop, basic_altar, hex_medium, minmay_shop_grove
Elf:3:    elf_hall_gauntlet_wide, layout_gridlike, special_room
          [special_room_orc], uniq_mara
Vaults:1: nicolae_vaults_closet_pinwheel_1, ontoclasm_vaults_spin, v_misc_8,
          nicolae_vaults_trapezoid_2, vaults_room_stairs_pillars,
          nicolae_vaults_storage_room_glass, nicolae_vaults_surprise_closet,
          v_misc_2, nicolae_vaults_specimen_jars, vaults_room_fours, v_misc_11,
          layout_vaults_ring, uniq_saint_roka
Vaults:2: nicolae_vaults_surprise_closet, vaults_room_corners,
          vaults_dpeg_hooks, nicolae_vaults_little_squares_5,
          vaults_mumra_minichess_inversion, vaults_dpeg_emergency_exit,
          nicolae_vaults_closet_pinwheel_6, nicolae_vaults_hexular_roomagon,
          vaults_mumra_hexcomb, ontoclasm_vaults_ring_small,
          nicolae_vaults_closet_pinwheel_3, nicolae_vaults_cochlea,
          layout_vaults_omnigrid, uniq_margery, uniq_frederick, uniq_asterion,
          uniq_jory, uniq_aizul
Vaults:3: dpeg_vaults_waves, minmay_orc_keep, nicolae_vaults_three_branches,
          minmay_crypt_entry_simple_corners, vaults_room_large_hall,
          grunt_vaults_hallway_long, v_rooms_6, ontoclasm_vaults_ring_square,
          vaults_room_ringed_pool, vaults_dpeg_encased_lava,
          hangedman_vaults_slice, nicolae_vaults_diagonal_hallway_7,
          layout_vaults_omnicross
Vaults:4: nicolae_vaults_diamond_1, nicolae_vaults_stepped_doors,
          nicolae_vaults_closet_pinwheel_4, nicolae_vaults_little_squares_3,
          nicolae_vaults_offset_grid_hallway_2, nicolae_vaults_trapezoid_4,
          nicolae_vaults_little_squares_1, nicolae_vaults_storage_closets_1,
          layout_vaults_chaotic_city, uniq_norris, uniq_sojobo
Vaults:5: serial_shops
Depths:1: nicolae_moon_pools, layout_gridlike, enter_ziggurat_a,
          grunt_metal_band, hangedman_decor_growths,
          nicolae_qazlal_eye_of_the_storm, serial_bayou_shore_b, firewood_loft,
          serial_bayou_shore_b
Depths:2: minmay_isolated_rectangles_in_corner, layout_twisted_cross,
          hell_entry, grunt_pan_entry_sceptre, beargit_elvish_explorers,
          infiniplex_staircase_x
Depths:3: cheibrodos_quadrivalence, layout_gridville, abyss_entry, hell_entry,
          lightli_enter_wizlab_magi_temple, minmay_tree_intersection
Depths:4: grunt_zot_entry_bicorn, layout_gridlike, serial_shops,
          nicolae_shop_real_fake_doors, roderic_serpentine_path, hell_entry
Zot:1:    layout_gridlike, gammafunk_ghost_mausoleum
Zot:2:    layout_gridlike
Zot:3:    layout_cellular_growth, lemuel_elevator
Zot:4:    gammafunk_sealed_arena, layout_gridlike
Zot:5:    layout_cathedral_of_symmetry, st_stairs_8

Skill      XL: |  1  2  3  4  5  6  7  8  9 10 11 12 13 14 15 16 17 18 19 20 21 22 23 24 25 26 |
---------------+-------------------------------------------------------------------------------+-----
Axes           | 4 5 6 7 8 10 12 14 15 17 19 21 22 24 25 | 25.0
Fighting       | 4 5 6 7 9 10 11 13 14 15 16 17 19 20 22 23 25 27 | 27.0
Dodging        | 3 4 5 6 8 9 10 11 12 14 15 16 17 19 20 21 22 25 27 | 27.0
Armour         | 5 7 9 11 12 13 15 17 19 20 22 25 26 | 26.2
Ranged Weapons | 4 9 13 15 | 15.6
Evocations     | 4 9 12 15 17 | 17.3

Action                     |  1- 3 |  4- 6 |  7- 9 | 10-12 | 13-15 | 16-18 | 19-21 | 22-24 | 25-27 || total
---------------------------+-------+-------+-------+-------+-------+-------+-------+-------+-------++-------
  Melee: Hand axe          |    91 |   176 |    38 |       |       |       |       |       |       ||   305
         Headbutt          |    10 |    29 |    49 |   116 |   307 |   286 |   422 |   413 |   176 ||  1808
         Punch             |       |     2 |     4 |       |       |       |       |       |       ||     6
         War axe           |       |       |   278 |       |       |       |       |       |       ||   278
         Battleaxe         |       |       |    12 |   612 |  1081 |   325 |  1215 |  1181 |   537 ||  4963
         Scimitar          |       |       |       |       |    15 |       |       |       |       ||    15
         Broad axe         |       |       |       |       |    71 |       |       |       |       ||    71
         Executioner's axe |       |       |       |       |       |   925 |   365 |     3 |       ||  1293
         Glaive            |       |       |       |       |       |       |       |       |     3 ||     3
   Fire: Shortbow          |       |       |     8 |     5 |     3 |       |       |       |       ||    16
         Longbow           |       |       |       |       |     4 |       |       |       |       ||     4
         Hand cannon       |       |       |       |       |       |   111 |   118 |   151 |    20 ||   400
  Throw: Stone             |    21 |       |       |       |       |       |       |       |       ||    21
         Throwing net      |       |       |       |       |       |       |     1 |       |       ||     1
 Invoke: Berserk           |     2 |     1 |     6 |     5 |    11 |     8 |     7 |     6 |     3 ||    49
         Trog's Hand       |       |     2 |     1 |     2 |    13 |     6 |    17 |     4 |     5 ||    50
         Brothers in Arms  |       |       |       |     4 |     3 |     5 |     8 |     8 |     5 ||    33
  Evoke: Wand              |       |       |       |       |       |       |       |       |     5 ||     5
    Use: Scroll            |       |     5 |    13 |     5 |     1 |     4 |    18 |     9 |     8 ||    63
         Potion            |       |       |     3 |       |     1 |     4 |     3 |     3 |     7 ||    21
   Stab: Paralysed         |       |       |       |       |     1 |       |       |       |       ||     1
         Petrified         |       |       |       |       |     1 |       |       |       |       ||     1
         Distracted        |       |       |       |       |     1 |       |     1 |       |       ||     2
 Armour: Animal skin       |     6 |       |       |       |       |       |       |       |       ||     6
         Ring mail         |    35 |   122 |   201 |       |       |       |       |       |       ||   358
         Plate armour      |       |       |       |   315 |   367 |       |       |       |       ||   682
         Storm dragon scal |       |       |       |       |    84 |   820 |   844 |   687 |   312 ||  2747
         Chain mail        |       |       |       |       |    35 |    75 |       |       |       ||   110
  Dodge: Dodged            |    49 |   102 |   207 |   297 |   554 |   938 |  1146 |  1173 |   469 ||  4935
